 Dungeon Crawl Stone Soup version 0.28-a0-1629-gf728b707aa (webtiles) character file.

Game seed: 2281525982545334086

373 Jerej03 the Magician (level 7, -5/47 HPs)
             Began as a Djinni Ice Elementalist on Jan 24, 2022.
             Slain by an ogre (23 damage)
             ... on level 3 of the Dungeon on Sept 15, 2022.
             The game lasted 00:30:51 (4646 turns).

Jerej03 the Magician (Djinni Ice Elementalist)      Turns: 4646, Time: 00:30:51

Health: -5/47      AC:  6    Str: 11    XL:     7   Next: 3%
Gold:   109        EV: 13    Int: 18    God:
                   SH:  0    Dex: 17

rFire   + + .      SeeInvis .   H - +1 rapier (venom)
rCold   x . .      Faith    .   (no shield)
rNeg    + . .      Spirit   .   y - +0 robe "Ezusoi" {rN+ Str+4 Dex+3 Slay+3}
rPois   ∞          Reflect  .   (no helmet)
rElec   .          Harm     .   (no cloak)
rCorr   .          Rampage  .   (no gloves)
Will    .....                   (boots unavailable)
Stlth   ++........              (no amulet)
HPRegen 0.15/turn               E - +4 ring of protection
MPRegen 0.00/turn               (no ring)

@: flying
A: sickness immunity, fire resistance 2, cold vulnerability 1, float, innate
caster, hp casting, extra vitality 1
a: no special abilities


You were on level 3 of the Dungeon.
You visited 1 branch of the dungeon, and saw 4 of its levels.

You collected 109 gold pieces.

Inventory:

Hand Weapons
 C - a +2 dagger of holy wrath
 D - a +4 dagger
 H - a +1 rapier of venom (weapon)
Missiles
 b - 8 stones (quivered)
 c - 19 sling bullets
 k - 38 bolts
Armour
 a - a +0 robe
 r - a +0 leather armour
 y - the +0 robe "Ezusoi" (worn) {rN+ Str+4 Dex+3 Slay+3}
   (You found it on level 2 of the Dungeon)

   Str:       It affects your strength (+4).
   Dex:       It affects your dexterity (+3).
   Slay:      It affects your accuracy & damage with ranged weapons and melee
   (+3).
   rN:        It protects you from negative energy.
 A - a scarf of harm
 F - a +0 scale mail
 G - a +0 helmet
Jewellery
 t - an amulet of guardian spirit
 E - a +4 ring of protection (left hand)
Wands
 I - a wand of iceblast (4)
Scrolls
 f - 4 scrolls of identify {unknown}
 h - 2 scrolls of immolation {unknown}
 i - a scroll of summoning {unknown}
 q - 2 scrolls of enchant armour {unknown}
 u - 2 scrolls of enchant weapon {unknown}
 v - a scroll of magic mapping {unknown}
 w - a scroll of fear {unknown}
Potions
 d - a potion of curing {unknown}
 e - a potion of haste {unknown}
 j - 2 potions of cancellation {unknown}
 s - a potion of invisibility {unknown}
 x - a potion of lignification {unknown}
 B - a potion of degeneration {unknown}


   Skills:
 + Level 1.1 Fighting
 + Level 0.7 Short Blades
 + Level 0.9 Throwing
 + Level 1.7 Armour
 + Level 2.9 Dodging
 + Level 2.0 Stealth
 + Level 0.2 Unarmed Combat
 + Level 5.2 Spellcasting


You couldn't memorise any spells.
You knew the following spells:

 Your Spells              Type           Power      Damage    Failure   Level
a - Freeze                Ice            92%        1d10      1%          1
b - Frozen Ramparts       Ice            46%        1d6       4%          3
c - Ozocubu's Armour      Ice            23%        N/A       4%          3
d - Hailstorm             Conj/Ice       23%        3d7       16%         4
e - Foxfire               Conj/Fire      92%        2x1d8     1%          1
f - Passwall              Tmut/Erth      19%        N/A       2%          2
g - Ensorcelled Hibernat  Hex/Ice        46%        N/A       2%          2
Your spell library was empty.

Dungeon Overview and Level Annotations

Branches:
Dungeon (4/15)
 Temple: D:4-7

Altars:


Innate Abilities, Weirdness & Mutations

You are immune to sickness and miasma.
You are immune to poison.
Your flesh is very heat resistant. (rF++)
You are vulnerable to cold. (rC-)
You float through the air rather than walking.
You learn spells naturally, not from books.
Your magical power is your life essence.
You have superior vitality. (+4 MHP)


Message History

Okay, then.
Casting: Freeze (safe; 1% risk of failure)
Confirm with . or Enter, or press ? or * to list all spells.
Okay, then.
Found a leather armour.
Casting: Freeze (safe; 1% risk of failure)
Confirm with . or Enter, or press ? or * to list all spells.
Okay, then.
The ogre shouts!
Casting: Freeze (safe; 1% risk of failure)
Confirm with . or Enter, or press ? or * to list all spells.
Aiming: Freeze (safe; 1% risk of failure)
Press: ? - help, Shift-Dir - straight line, f - ogre
Aim: an ogre, wielding a +0 giant club You freeze the ogre.
The ogre is lightly wounded.
The ogre closely misses you.
Casting: Freeze (safe; 1% risk of failure)
Confirm with . or Enter, or press ? or * to list all spells.
Aiming: Freeze (safe; 1% risk of failure)
Press: ? - help, Shift-Dir - straight line, f/p - ogre
Aim: an ogre, wielding a +0 giant club (lightly wounded)
You freeze the ogre!
The ogre is heavily wounded.
The ogre closely misses you.
Casting: Freeze (safe; 1% risk of failure)
Confirm with . or Enter, or press ? or * to list all spells.
Aiming: Freeze (safe; 1% risk of failure)
Press: ? - help, Shift-Dir - straight line, f/p - ogre
Aim: an ogre, wielding a +0 giant club (moderately wounded)
You freeze the ogre.
The ogre is heavily wounded.
The ogre hits you with a +0 giant club!!
Ouch! That really hurt!
There is a stone staircase leading up here.
The ogre barely misses you.
You fly upwards.
There is a stone staircase leading down here.
The ogre hits you with a +0 giant club!!
You die...

#..........# #..........#
#..........# ##..........#
### #...........# #.#
#...........#####.###
#...........#...#...#
######................###
#....[.........@......#
#.............O.##..#.###
#[.........#######..#.#.####
#..........# #.........#
##..........# ##.#...##.#
............# #.#.#....#
############# #...######
###.# #.####


You could see an ogre.

Vanquished Creatures
  The ghost of fritzmikael the Sneak, an amateur DsDe (D:3)
  A bullfrog (D:3)
  Natasha (twice) (D:2)
  11 adders
  An ufetubus (D:4)
  3 worms
  4 dart slugs
  5 endoplasms
  A giant cockroach (D:1)
  11 goblins
  6 hobgoblins
  2 kobolds
  3 quokkas
  6 ball pythons
  4 bats
  3 frilled lizards
  7 rats
71 creatures vanquished.

Vanquished Creatures (others)
  3 foxfires (D:3)
3 creatures vanquished.

Grand Total: 74 creatures vanquished

Notes
Turn   | Place    | Note
-------+----------+-------------------------------------------
     0 | D:1      | Jerej03 the Djinni Ice Elementalist began the quest for the
                  | Orb.
     0 | D:1      | Reached XP level 1. HP: 15/15 MP: 0/0
   427 | D:1      | Reached XP level 2. HP: 17/21 MP: 0/0
   794 | D:1      | Reached XP level 3. HP: 4/25 MP: 0/0
   794 | D:1      | Learned a level 1 spell: Foxfire
  1697 | D:2      | Noticed Natasha
  1701 | D:2      | Killed Natasha
  1702 | D:2      | Reached skill level 4 in Spellcasting
  1702 | D:2      | Reached XP level 4. HP: 27/31 MP: 0/0
  2316 | D:2      | Reached XP level 5. HP: 25/35 MP: 0/0
  2316 | D:2      | Learned a level 2 spell: Passwall
  3121 | D:2      | Identified the +0 robe "Ezusoi" {rN+ Str+4 Dex+3 Slay+3}
  3159 | D:2      | Noticed Natasha
  3166 | D:2      | Killed Natasha
  3167 | D:2      | Reached skill level 1 in Armour
  3613 | D:3      | Reached XP level 6. HP: 39/41 MP: 0/0
  3856 | D:3      | Found a faded altar of an unknown god.
  4004 | D:3      | Found a runed translucent door.
  4015 | D:3      | Noticed fritzmikael's ghost (amateur DsDe)
  4069 | D:3      | Reached skill level 1 in Fighting
  4069 | D:3      | Reached skill level 5 in Spellcasting
  4088 | D:3      | Killed fritzmikael's ghost
  4089 | D:3      | Reached XP level 7. HP: 7/47 MP: 0/0
  4089 | D:3      | Learned a level 2 spell: Ensorcelled Hibernation
  4646 | D:3      | Slain by an ogre

Illustrated notes

Levels and vault maps discovered:
D:1:      dpeg_arrival_arbitrary_a, layout_basic, minmay_octomino_c4
D:2:      cheibrodos_helix_gallery, layout_loops_ring, minmay_snake_closets,
          uniq_natasha
D:3:      layout_basic, ebering_ghost_sewer_d, hellmonk_ecumenical_altar_zigzags
D:4:      layout_rooms, minmay_rat_hole, uniq_sigmund

Skill      XL: |  1  2  3  4  5  6 |
---------------+-------------------+-----
Spellcasting   | 4 5 |  5.2
Armour         | 1 |  1.7
Fighting       | 1 |  1.1
Stealth        | 2 |  2.0
Short Blades   | |  0.7
Throwing       | |  0.9
Dodging        | |  2.9
Unarmed Combat | |  0.2

Action                   |  1- 3 |  4- 6 |  7- 9 || total
-------------------------+-------+-------+-------++-------
Melee: Unarmed           |     1 |       |       ||     1
       Dagger            |     8 |    53 |     4 ||    65
Throw: Stone             |    14 |     5 |       ||    19
 Cast: Freeze            |    37 |    68 |     4 ||   109
       Foxfire           |       |     2 |       ||     2
       Ozocubu's Armour  |       |     1 |       ||     1
       Ensorcelled Hiber |       |       |     1 ||     1
 Stab: Sleeping          |       |     2 |       ||     2
Armor: Robe              |     5 |    15 |       ||    20
       Leather armour    |       |    12 |       ||    12
Dodge: Dodged            |    27 |    60 |     8 ||    95

Table legend: (Time is in decaauts)
 A = Elapsed time spent in this place.
 B = Non-inter-level travel time spent in this place.
 C = Inter-level travel time spent in this place.
 D = Time resting spent in this place.
 E = Time spent auto-exploring this place.
 F = Levels seen in this place.
 G = Mean time per level.
                   A        B        C        D        E       F      G
               +--------+--------+--------+--------+--------+-----+--------+
         Total |   4650 |   4574 |     76 |    737 |   2703 |   4 | 1162.5 |
       Dungeon |   4650 |   4574 |     76 |    737 |   2703 |   4 | 1162.5 |
               +--------+--------+--------+--------+--------+-----+--------+

Top non-repeatable levels by time:
     D:2: 1926 daAuts
     D:1: 1681 daAuts
     D:3: 967 daAuts
     D:4: 75 daAuts
